 Dungeon Crawl Stone Soup version 0.17.1-3-g152610e (webtiles) character file.

52 Charly the Insei (level 3, -4/26 HPs)
             Began as a Demonspawn Transmuter on Apr 23, 2016.
             Slain by ThereIsNoGod's ghost (10 damage)
             ... on level 3 of the Dungeon.
             The game lasted 00:12:00 (841 turns).

Charly the Insei (Demonspawn Transmuter)             Turns: 841, Time: 00:12:01

Health: -4/26      AC:  3    Str: 10    XL:     3   Next: 60%
Magic:  6/6        EV: 12    Int: 15    God:
Gold:   80         SH:  0    Dex: 13    Spells: 3 memorised, 0 levels left

rFire  . . .     SeeInvis .       - Unarmed
rCold  . . .     Clarity  .     b - +0 robe
rNeg   . . .     SustAt   .     (no shield)
rPois  .         Gourm    .     (no helmet)
rElec  .         Spirit   .     (no cloak)
rCorr  .         Warding  .     (no gloves)
rMut   .         Rnd*Tele +     (no boots)
MR     .....                    (no amulet)
Stlth  +.........               (no ring)
                                t - ring of teleportation (curse)

@: not resistant to hostile enchantments, very unstealthy
A: icy blue scales 1, powered by death 1
a: Evoke Teleportation


You were on level 3 of the Dungeon.
You were not hungry.

You visited 1 branch of the dungeon, and saw 3 of its levels.

You collected 80 gold pieces.

Inventory:

Missiles
 a - 43 arrows
Armour
 b - a +0 robe (worn)
Jewellery
 t - a cursed ring of teleportation (left hand)
Scrolls
 e - a scroll of remove curse {unknown}
 f - 2 scrolls of teleportation {unknown}
 h - a scroll of fog {unknown}
 j - a scroll of fear {unknown}
Potions
 i - a potion of heal wounds {unknown}
Books
 c - a book of Changes

   Spells                             Type                      Level
   a - Beastly Appendage              Transmutation                1
   b - Sticks to Snakes               Transmutation                2
   c - Spider Form                    Transmutation/Poison         3
   d - Ice Form                       Ice/Transmutation            4
   e - Blade Hands                    Transmutation                5
Comestibles
 d - 2 bread rations
 g - a meat ration


   Skills:
 - Level 1.0 Fighting
 - Level 1.7 Dodging
 + Level 3.5 Unarmed Combat
 - Level 2.0 Spellcasting
 + Level 2.8 Transmutations


You couldn't memorise any spells.
You knew the following spells:

 Your Spells              Type           Power        Failure   Level  Hunger
b - Beastly Appendage     Trmt           ##....       10%         1    #......
s - Sticks to Snakes      Trmt           ##........   12%         2    ###....
S - Spider Form           Trmt/Pois      #.........   43%         3    ###....


Dungeon Overview and Level Annotations

Branches:
Dungeon (3/15)

Altars:

Annotations:
D:3 ThereIsNoGod's ghost, amateur TrFi


Innate Abilities, Weirdness & Mutations

You are partially covered in icy blue scales (AC +1).
You regenerate a little health from kills.


Message History

Drop what? 11/52 slots (_ for help) (? for menu, Esc to quit)
Okay, then.
You feel strangely unstable.
You feel somewhat more hungry.
Your surroundings suddenly seem different.
The ice beast hits you. The ice beast freezes you!
There is a stone staircase leading down here.
ThereIsNoGod's ghost turns its malevolent gaze towards you.
There is an open door, spattered with blood here.
You fail to use your ability.
The ice beast barely misses you. The adder closely misses you.
The adder bites you. The adder bites you. ThereIsNoGod's ghost hits you!
* * * LOW HITPOINT WARNING * * *
The adder closely misses you. ThereIsNoGod's ghost barely misses you.
The adder bites you but does no damage.
ThereIsNoGod's ghost whispers, "You will understand me better in a moment."
ThereIsNoGod's ghost hits you!
You die...

.# #Y# #.# Y# #.# #.#
.# #.###########.# .#
## #.....S.Y..S#.# #.#
###########.#.# #.#
#Y#.# #.#######
#.#.#######........
####W#................
#...)@..............##
#..............# #.#
#.......######.####.##
# #.........#
#.....<..
####################.#
####....#.
................# #.#
#.....†##.
###############.# #.#
#......##. # #.# #.#
#......##< # #.####.#
#......##.


You could see an ice beast, ThereIsNoGod's ghost and an adder.

Vanquished Creatures
  An adder (D:2)
  A worm (D:3)
  An orc (D:3)
  3 giant cockroaches
  3 hobgoblins (D:1)
  2 jackals (D:2)
  2 bats
  A giant newt (D:1)
  3 goblins
  7 kobolds
  3 rats (D:1)
27 creatures vanquished.

Vanquished Creatures (collateral kills)
  An adder (D:3)
  An orc (D:3)
  A bat (D:2)
  2 hobgoblins (D:3)
  2 jackals (D:2)
7 creatures vanquished.

Grand Total: 34 creatures vanquished

Notes
Turn   | Place    | Note
--------------------------------------------------------------
     0 | D:1      | Charly the Demonspawn Transmuter began the quest for the Orb.
     0 | D:1      | Reached XP level 1. HP: 15/15 MP: 3/3
   151 | D:1      | Reached skill level 3 in Unarmed Combat
   199 | D:1      | Gained mutation: You are partially covered in icy blue scales (AC +1). [demonic ancestry]
   199 | D:1      | Reached XP level 2. HP: 8/21 MP: 3/5
   206 | D:1      | Learned a level 2 spell: Sticks to Snakes
   465 | D:3      | Gained mutation: You regenerate a little health from kills. [demonic ancestry]
   465 | D:3      | Reached XP level 3. HP: 9/26 MP: 3/6
   481 | D:3      | Learned a level 3 spell: Spider Form
   670 | D:3      | Noticed an ice beast
   681 | D:3      | Noticed ThereIsNoGod's ghost (amateur TrFi)
   841 | D:3      | Slain by ThereIsNoGod's ghost

Action                   || total
-------------------------++-------
Melee: Unarmed           ||   110
 Cast: Beastly Appendage ||     9
       Sticks to Snakes  ||     8
       Spider Form       ||     1
 Abil: Evoke Teleportati ||     2
  Eat: Fruit             ||     4
       Beef jerky        ||     1
